SAN JOSE Sharks vs CHICAGO Blackhawks

Created - 6 mars 2024 at 11:01

Goals
1 2 3 T
SAN JOSE Sharks 0 0 1 1
CHICAGO Blackhawks 1 1 0 2
Shots
1 2 3 T
SAN JOSE Sharks 7 9 6 22
CHICAGO Blackhawks 9 9 5 23

1st period

1. CHICAGO Blackhawks , Jonathan Toews 11 (Teuvo Teravainen 20, Erik Johnson 16) at 1:45 (PP)

Penalties :
Oliver Kylington (SJS) for Interference (Minor) at 0:56

2nd period

2. CHICAGO Blackhawks , Tom Wilson 8 (Nicolas Hague 11) at 2:24

Penalties :
Sam Bennett (SJS) for Tripping (Minor) at 5:04

3rd period

3. SAN JOSE Sharks , Kyle Connor 27 (Joe Pavelski 25, Cody Ceci 25) at 9:01 (PP)

Penalties :
Brayden McNabb (SJS) for Interference (Minor) at 3:20, Austin Watson (SJS) for High sticking (Minor) at 5:29, Josh Manson (CHI) for Tripping (Minor) at 7:56, Trent Frederic (CHI) for Diving (Minor) at 10:30, Josh Manson (CHI) for Hooking (Minor) at 15:08

Goalie Stats

Semyon Varlamov (SJS), 21 saves from 23 shots - (0,913), L, 11-9-3, 59:00 minutes
James Reimer (CHI), 21 saves from 22 shots - (0,955), W, 1-3-0, 60:00 minutes

Players Stats for SAN JOSE Sharks

Player Name              G  A  P  +/- PIM S  H  SB GA TA FO     MP     PP MP  PK MP  
------------------------------------------------------------------------------------
Andrew Mangiapane        0  0  0  -1  0   4  0  0  0  0  0/0    16:08   2:32   0:00 
Austin Watson            0  0  0   0  2   1  0  0  0  0  1/1     6:12   0:00   0:24 
Brayden McNabb           0  0  0   0  2   0  1  0  0  0  0/0    24:43   2:33   2:43 
Brett Howden             0  0  0   0  0   1  1  0  0  0  8/14   11:18   0:00   0:00 
Cam Atkinson             0  0  0   0  0   0  1  0  0  0  0/1    11:18   0:00   0:00 
Cody Ceci                0  1  1   0  0   0  0  3  0  0  0/0    25:29   2:30   3:31 
Evander Kane             0  0  0  -1  0   2  0  0  0  0  1/1    16:08   2:32   0:00 
Jack Johnson             0  0  0  -1  0   0  2  0  0  0  0/0    19:56   2:30   3:00 
Joe Pavelski             0  1  1   0  0   4  0  1  0  0  0/0    19:59   2:31   0:00 
John Klingberg           0  0  0  -1  0   2  2  1  0  0  0/0    20:00   2:33   3:01 
John Tavares             0  0  0   0  0   0  6  0  0  0  16/30  23:51   2:31   3:52 
Kyle Connor              1  0  1   0  0   3  0  0  0  0  0/1    23:58   2:31   3:59 
Matias Maccelli          0  0  0   0  0   0  0  1  0  0  0/0     5:49   0:00   0:00 
Matt Nieto               0  0  0   0  0   2  0  1  0  0  0/0    13:35   0:00   2:17 
Nick Cousins             0  0  0   0  0   1  0  0  0  0  2/6     7:10   0:00   1:21 
Oliver Kylington         0  0  0   0  2   0  2  1  0  0  0/0    14:16   0:00   0:00 
Sam Bennett              0  0  0  -1  2   1  1  0  0  0  10/17  17:46   2:32   1:39 
Troy Stecher             0  0  0   0  0   1  0  2  0  0  0/0    15:34   0:00   1:17 

Players Stats for CHICAGO Blackhawks

Player Name              G  A  P  +/- PIM S  H  SB GA TA FO     MP     PP MP  PK MP  
------------------------------------------------------------------------------------
Aaron Ekblad             0  0  0   0  0   2  3  1  0  0  0/0    23:43   3:39   2:58 
Brett Ritchie            0  0  0   0  0   0  1  0  0  0  0/0     7:57   0:00   0:00 
Conor Sheary             0  0  0   0  0   3  2  0  0  0  0/0    19:53   3:24   3:41 
Eric Robinson            0  0  0   1  0   0  0  0  0  0  0/1    12:52   0:00   0:00 
Erik Johnson             0  1  1   0  0   1  7  1  0  0  0/0    21:01   3:07   2:05 
Jake Walman              0  0  0   0  0   0  2  1  0  0  0/0    21:01   3:07   2:05 
Jonathan Toews           1  0  1   0  0   2  1  1  0  0  16/25  17:56   3:22   0:00 
Josh Manson              0  0  0   1  4   0  2  0  0  0  0/0    15:14   0:00   0:00 
Marcus Foligno           0  0  0   0  0   1  3  0  0  0  1/2    16:10   3:22   0:00 
Matt Roy                 0  0  0   0  0   5  1  2  0  0  0/0    23:43   3:39   2:58 
Nicolas Hague            0  1  1   1  0   0  3  1  0  0  0/0    15:16   0:00   0:00 
Patrick Kane             0  0  0   0  0   3  0  0  0  0  4/12   21:37   3:24   3:39 
Ryan Johansen            0  0  0   0  0   1  0  0  0  0  5/12   17:18   3:24   1:06 
Taylor Raddysh           0  0  0   0  0   0  0  0  0  0  0/1     7:57   0:00   0:00 
Teuvo Teravainen         0  1  1   0  0   2  2  0  0  0  0/1    19:02   3:22   1:06 
Tom Wilson               1  0  1   1  0   2  0  0  0  0  1/2    12:52   0:00   0:00 
Trent Frederic           0  0  0   1  2   1  1  0  0  0  4/9    13:25   0:00   0:34 
Tyler Motte              0  0  0   0  0   0  2  0  0  0  2/6     7:57   0:00   0:00 

3 Stars

1 - Erik Johnson (CHI)
2 - Tom Wilson (CHI)
3 - Nicolas Hague (CHI)

Power Play

SAN JOSE Sharks - 1 on 3 Attempt(s) - 33,33%
CHICAGO Blackhawks - 1 on 4 Attempt(s) - 25,00%

Penalty Kill

SAN JOSE Sharks - 3 on 4 Attempt(s) - 75,00% - Score 0 goal in Penalty Kill
CHICAGO Blackhawks - 2 on 3 Attempt(s) - 66,67% - Score 0 goal in Penalty Kill

Team Stat

SAN JOSE Sharks - Hits : 16 - Faceoff Wins : 38 - Blocked Shots : 10 - Penalty Minutes : 8
CHICAGO Blackhawks - Hits : 30 - Faceoff Wins : 33 - Blocked Shots : 7 - Penalty Minutes : 6

Official

Referees : Francis Charron and François St-Laurent
Linesman : Kory Nagy and Scott Cherrey

Game Notes

No Game Note

Finance

Level 1 -- Attendance: 4793 (79,88%) -- Ticket Income $479,300
Level 2 -- Attendance: 4431 (88,62%) -- Ticket Income $265,860
Level 3 -- Attendance: 1883 (94,15%) -- Ticket Income $65,905
Level 4 -- Attendance: 3841 (96,03%) -- Ticket Income $76,820
Luxury Box -- Attendance: 765 (76,50%) -- Ticket Income $153,000
Game was played at the United Center.
Total Attendance: 15713 (87,29%)
Total Ticket Income: $1,040,885
Other Income: $260,221
Total Income: $1,301,106

SAN JOSE Sharks

5 vs 5 Forward 
   Center                   Left Wing                Right Wing               Time % Phy DF OF 
 1 John Tavares             Kyle Connor              Joe Pavelski             40     1   2  2  
 2 Sam Bennett              Andrew Mangiapane        Evander Kane             30     1   2  2  
 3 Brett Howden             Cam Atkinson             Matt Nieto               20     1   2  2  
 4 Nick Cousins             Matias Maccelli          Austin Watson            10     1   2  2  

5 vs 5 Defense 
   Defense                  Defense                                           Time % Phy DF OF 
 1 Brayden McNabb           Cody Ceci                                         40     1   2  2  
 2 John Klingberg           Jack Johnson                                      30     1   2  2  
 3 Troy Stecher             Oliver Kylington                                  20     1   2  2  
 4 Brayden McNabb           Cody Ceci                                         10     1   2  2  

PowerPlay Forward 
   Center                   Left Wing                Right Wing               Time % Phy DF OF 
 1 John Tavares             Kyle Connor              Joe Pavelski             60     1   1  3  
 2 Sam Bennett              Evander Kane             Andrew Mangiapane        40     1   2  2  

PowerPlay Defense
   Defense                  Defense                                           Time % Phy DF OF 
 1 Brayden McNabb           John Klingberg                                    60     1   2  2  
 2 Cody Ceci                Jack Johnson                                      40     1   2  2  

Penalty Kill 4 Players Forward 
   Center                   Wing                     Time % Phy DF OF 
 1 John Tavares             Kyle Connor              60     1   2  2  
 2 Sam Bennett              Matt Nieto               40     1   2  2  

Penalty Kill 4 Players Defense
   Defense                  Defense                  Time % Phy DF OF 
 1 Brayden McNabb           Cody Ceci                60     1   2  2  
 2 John Klingberg           Jack Johnson             40     1   2  2  

Penalty Kill - 3 Players Forward 
   Forward                                           Time % Phy DF OF 
 1 John Tavares                                      60     1   2  2  
 2 Sam Bennett                                       40     1   2  2  

Penalty Kill - 3 Players Defense
   Defense                  Defense                  Time % Phy DF OF 
 1 Brayden McNabb           Cody Ceci                60     1   2  2  
 2 John Klingberg           Jack Johnson             40     1   2  2  

4 vs 4 Forward 
   Center                   Wing                     Time % Phy DF OF 
 1 John Tavares             Kyle Connor              60     1   2  2  
 2 Sam Bennett              Matt Nieto               40     1   2  2  

4 vs 4 Defense
   Defense                  Defense                  Time % Phy DF OF 
 1 Brayden McNabb           Cody Ceci                60     1   2  2  
 2 John Klingberg           Jack Johnson             40     1   2  2  

Last Minutes Offensive
   Center                   Left Wing                Right Wing               Defense                  Defense                  
   John Tavares             Kyle Connor              Joe Pavelski             Brayden McNabb           Cody Ceci                

Last Minutes Defensive
   Center                   Left Wing                Right Wing               Defense                  Defense                  
   John Tavares             Kyle Connor              Joe Pavelski             Brayden McNabb           Cody Ceci                

Goaltenders
Starting : Semyon Varlamov          
Backup : Ville Husso              

Extra Forwards
Normal : Sam Bennett, Matt Nieto, Evander Kane - PP : Sam Bennett, Matt Nieto - PK : Sam Bennett
Extra Defensemen
Normal : Jack Johnson, Troy Stecher, Oliver Kylington - PP : Jack Johnson - PK : Jack Johnson, Troy Stecher
Penalty Shots
Joe Pavelski, John Tavares, Kyle Connor, Andrew Mangiapane, Sam Bennett

Scratches
None

CHICAGO Blackhawks

5 vs 5 Forward 
   Center                   Left Wing                Right Wing               Time % Phy DF OF 
 1 Jonathan Toews           Teuvo Teravainen         Patrick Kane             40     0   1  4  
 2 Ryan Johansen            Conor Sheary             Marcus Foligno           30     1   1  3  
 3 Trent Frederic           Eric Robinson            Tom Wilson               20     1   3  1  
 4 Tyler Motte              Brett Ritchie            Taylor Raddysh           10     1   3  1  

5 vs 5 Defense 
   Defense                  Defense                                           Time % Phy DF OF 
 1 Aaron Ekblad             Matt Roy                                          40     1   2  2  
 2 Erik Johnson             Jake Walman                                       30     1   2  2  
 3 Nicolas Hague            Josh Manson                                       20     1   2  2  
 4 Aaron Ekblad             Matt Roy                                          10     1   2  2  

PowerPlay Forward 
   Center                   Left Wing                Right Wing               Time % Phy DF OF 
 1 Ryan Johansen            Conor Sheary             Patrick Kane             60     1   2  2  
 2 Jonathan Toews           Teuvo Teravainen         Marcus Foligno           40     1   2  2  

PowerPlay Defense
   Defense                  Defense                                           Time % Phy DF OF 
 1 Aaron Ekblad             Matt Roy                                          60     1   2  2  
 2 Erik Johnson             Jake Walman                                       40     1   2  2  

Penalty Kill 4 Players Forward 
   Center                   Wing                     Time % Phy DF OF 
 1 Patrick Kane             Conor Sheary             60     1   2  2  
 2 Teuvo Teravainen         Ryan Johansen            40     1   2  2  

Penalty Kill 4 Players Defense
   Defense                  Defense                  Time % Phy DF OF 
 1 Aaron Ekblad             Matt Roy                 60     1   2  2  
 2 Erik Johnson             Jake Walman              40     1   2  2  

Penalty Kill - 3 Players Forward 
   Forward                                           Time % Phy DF OF 
 1 Patrick Kane                                      60     1   2  2  
 2 Conor Sheary                                      40     1   2  2  

Penalty Kill - 3 Players Defense
   Defense                  Defense                  Time % Phy DF OF 
 1 Aaron Ekblad             Matt Roy                 60     1   2  2  
 2 Erik Johnson             Jake Walman              40     1   2  2  

4 vs 4 Forward 
   Center                   Wing                     Time % Phy DF OF 
 1 Patrick Kane             Conor Sheary             60     1   2  2  
 2 Teuvo Teravainen         Ryan Johansen            40     1   2  2  

4 vs 4 Defense
   Defense                  Defense                  Time % Phy DF OF 
 1 Aaron Ekblad             Matt Roy                 60     1   2  2  
 2 Erik Johnson             Jake Walman              40     1   2  2  

Last Minutes Offensive
   Center                   Left Wing                Right Wing               Defense                  Defense                  
   Ryan Johansen            Conor Sheary             Patrick Kane             Aaron Ekblad             Matt Roy                 

Last Minutes Defensive
   Center                   Left Wing                Right Wing               Defense                  Defense                  
   Ryan Johansen            Conor Sheary             Patrick Kane             Aaron Ekblad             Matt Roy                 

Goaltenders
Starting : James Reimer             
Backup : Frederik Andersen        

Extra Forwards
Normal : Brett Ritchie, Eric Robinson, Trent Frederic - PP : Brett Ritchie, Eric Robinson - PK : Trent Frederic
Extra Defensemen
Normal : Nicolas Hague, Josh Manson, Erik Johnson - PP : Nicolas Hague - PK : Josh Manson, Erik Johnson
Penalty Shots
Patrick Kane, Conor Sheary, Teuvo Teravainen, Ryan Johansen, Jonathan Toews

Scratches
Jakub Vrana (Healthy)

% Time on Ice - SAN JOSE Sharks

Lines # - Real PCT - Wanted PCT - Time Play
Normal Forward
1 - 36% - 40% - 17:04
2 - 28% - 30% - 13:36
3 - 24% - 20% - 11:18
4 - 12% - 10% - 5:49
Normal Defense
1 - 36% - 40% - 17:24
2 - 30% - 30% - 14:26
3 - 30% - 20% - 14:17
4 - 3% - 10% - 1:40
PP Forward
1 - 50% - 60% - 2:31
2 - 50% - 40% - 2:32
PP Defense
1 - 50% - 60% - 2:33
2 - 50% - 40% - 2:30
PK Forward
1 - 70% - 60% - 4:45
2 - 30% - 40% - 2:01
PK Defense
1 - 55% - 60% - 3:45
2 - 45% - 40% - 3:01
PK3 Forward
1 - 0% - 60%
2 - 0% - 40%
PK3 Defense
1 - 0% - 60%
2 - 0% - 40%
44 Forward
1 - 0% - 60%
2 - 0% - 40%
44 Defense
1 - 0% - 60%
2 - 0% - 40%
Last Minute Offensive  - 0:24
Last Minute Defensive  - 0:00
Total
Forward - 60:00
Defense - 60:00

% Time on Ice - CHICAGO Blackhawks

Lines # - Real PCT - Wanted PCT - Time Play
Normal Forward
1 - 30% - 40% - 14:34
2 - 27% - 30% - 12:48
3 - 27% - 20% - 12:52
4 - 16% - 10% - 7:57
Normal Defense
1 - 31% - 40% - 15:04
2 - 33% - 30% - 15:49
3 - 32% - 20% - 15:16
4 - 4% - 10% - 2:02
PP Forward
1 - 50% - 60% - 3:24
2 - 50% - 40% - 3:22
PP Defense
1 - 54% - 60% - 3:39
2 - 46% - 40% - 3:07
PK Forward
1 - 78% - 60% - 3:57
2 - 22% - 40% - 1:06
PK Defense
1 - 59% - 60% - 2:58
2 - 41% - 40% - 2:05
PK3 Forward
1 - 0% - 60%
2 - 0% - 40%
PK3 Defense
1 - 0% - 60%
2 - 0% - 40%
44 Forward
1 - 0% - 60%
2 - 0% - 40%
44 Defense
1 - 0% - 60%
2 - 0% - 40%
Last Minute Offensive  - 0:00
Last Minute Defensive  - 0:00
Total
Forward - 60:00
Defense - 60:00

Play-by-Play

1st period


0:01 of 1st period - Jonathan Toews wins face-off versus John Tavares in neutral zone.
0:08 of 1st period - Shot by Matt Roy.
0:08 of 1st period - Stopped by Semyon Varlamov without a rebound.
0:09 of 1st period - Sam Bennett wins face-off versus Ryan Johansen in SAN JOSE Sharks zone.
0:43 of 1st period - Shot by Sam Bennett.
0:43 of 1st period - Stopped by James Reimer without a rebound.
0:44 of 1st period - Brett Howden wins face-off versus Trent Frederic in CHICAGO Blackhawks zone.
0:56 of 1st period - Minor Penalty to Oliver Kylington for Interference.
0:57 of 1st period - John Tavares wins face-off versus Jonathan Toews in SAN JOSE Sharks zone.
0:57 of 1st period - Brayden McNabb is hit by Marcus Foligno.
1:03 of 1st period - Shot by Aaron Ekblad.
1:03 of 1st period - Shot Misses the Net.
1:05 of 1st period - Shot by Aaron Ekblad.
1:05 of 1st period - Stopped by Semyon Varlamov without a rebound.
1:06 of 1st period - Patrick Kane wins face-off versus John Tavares in SAN JOSE Sharks zone.
1:29 of 1st period - Shot by Matt Roy.
1:29 of 1st period - Stopped by Semyon Varlamov without a rebound.
1:30 of 1st period - Jonathan Toews wins face-off versus Sam Bennett in SAN JOSE Sharks zone.
1:45 of 1st period - Shot by Teuvo Teravainen.
1:45 of 1st period - Deflect By Jonathan Toews.
1:45 of 1st period - Goal by Jonathan Toews - SAN JOSE Sharks : 0 - CHICAGO Blackhawks : 1.
1:46 of 1st period - Tyler Motte wins face-off versus John Tavares in neutral zone.
2:31 of 1st period - Icing by Aaron Ekblad.
2:32 of 1st period - Brett Howden wins face-off versus Tyler Motte in CHICAGO Blackhawks zone.
3:12 of 1st period - Matt Nieto is hit by Josh Manson and loses puck.
3:33 of 1st period - Shot by Andrew Mangiapane.
3:33 of 1st period - Stopped by James Reimer without a rebound.
3:34 of 1st period - John Tavares wins face-off versus Trent Frederic in CHICAGO Blackhawks zone.
4:03 of 1st period - Shot by Kyle Connor.
4:03 of 1st period - Shot Misses the Net.
4:17 of 1st period - Shot by Tom Wilson.
4:17 of 1st period - Shot Blocked by Cody Ceci.
5:13 of 1st period - Shot by Conor Sheary.
5:13 of 1st period - Stopped by Semyon Varlamov with a rebound.
5:15 of 1st period - Shot by Aaron Ekblad.
5:15 of 1st period - Shot Misses the Net.
5:34 of 1st period - Jonathan Toews is hit by Jack Johnson and loses puck.
5:45 of 1st period - Shot by Teuvo Teravainen.
5:45 of 1st period - Shot Misses the Net.
6:04 of 1st period - Icing by Patrick Kane.
6:05 of 1st period - Jonathan Toews wins face-off versus Kyle Connor in CHICAGO Blackhawks zone.
6:42 of 1st period - Shot by Taylor Raddysh.
6:42 of 1st period - Shot Blocked by Cody Ceci.
7:19 of 1st period - Shot by Austin Watson.
7:19 of 1st period - Stopped by James Reimer with a rebound.
7:25 of 1st period - Shot by Matt Roy.
7:25 of 1st period - Shot Misses the Net.
7:31 of 1st period - Shot by Conor Sheary.
7:31 of 1st period - Shot Blocked by Oliver Kylington.
7:33 of 1st period - Shot by Matt Roy.
7:33 of 1st period - Shot Misses the Net.
7:35 of 1st period - Shot by Conor Sheary.
7:35 of 1st period - Stopped by Semyon Varlamov without a rebound.
7:36 of 1st period - Trent Frederic wins face-off versus Brett Howden in SAN JOSE Sharks zone.
8:22 of 1st period - Off-side.
8:23 of 1st period - John Tavares wins face-off versus Teuvo Teravainen in neutral zone.
8:29 of 1st period - Shot by Kyle Connor.
8:29 of 1st period - Stopped by James Reimer without a rebound.
8:30 of 1st period - John Tavares wins face-off versus Jonathan Toews in CHICAGO Blackhawks zone.
8:33 of 1st period - Shot by Kyle Connor.
8:33 of 1st period - Shot Blocked by Matt Roy.
9:12 of 1st period - Aaron Ekblad is hit by John Tavares and loses puck.
9:36 of 1st period - Sam Bennett is hit by Erik Johnson and loses puck.
9:40 of 1st period - Icing by Marcus Foligno.
9:41 of 1st period - Brett Howden wins face-off versus Marcus Foligno in CHICAGO Blackhawks zone.
9:41 of 1st period - Brett Howden is hit by Erik Johnson.
9:49 of 1st period - Jack Johnson is hit by Marcus Foligno.
9:56 of 1st period - Marcus Foligno is hit by Jack Johnson and loses puck.
10:11 of 1st period - Shot by Conor Sheary.
10:11 of 1st period - Deflect By Marcus Foligno.
10:11 of 1st period - Shot Misses the Net.
10:13 of 1st period - Shot by Erik Johnson.
10:13 of 1st period - Shot Misses the Net.
10:44 of 1st period - Shot by Tom Wilson.
10:44 of 1st period - Stopped by Semyon Varlamov without a rebound.
10:45 of 1st period - John Tavares wins face-off versus Jonathan Toews in SAN JOSE Sharks zone.
10:45 of 1st period - John Tavares is hit by Teuvo Teravainen.
10:57 of 1st period - Shot by Kyle Connor.
10:57 of 1st period - Shot Misses the Net.
12:48 of 1st period - Shot by Nick Cousins.
12:48 of 1st period - Stopped by James Reimer without a rebound.
12:49 of 1st period - Ryan Johansen wins face-off versus Cam Atkinson in CHICAGO Blackhawks zone.
14:20 of 1st period - Aaron Ekblad is hit by John Klingberg and loses puck.
14:37 of 1st period - Joe Pavelski is hit by Tyler Motte and loses puck.
14:45 of 1st period - John Tavares is hit by Brett Ritchie and loses puck.
15:21 of 1st period - Shot by Troy Stecher.
15:21 of 1st period - Stopped by James Reimer without a rebound.
15:22 of 1st period - Nick Cousins wins face-off versus Ryan Johansen in CHICAGO Blackhawks zone.
15:22 of 1st period - Matias Maccelli is hit by Erik Johnson and loses puck.
15:35 of 1st period - Shot by Conor Sheary.
15:35 of 1st period - Shot Misses the Net.
15:37 of 1st period - Shot by Conor Sheary.
15:37 of 1st period - Shot Misses the Net.
15:39 of 1st period - Shot by Erik Johnson.
15:39 of 1st period - Shot Blocked by Troy Stecher.
16:35 of 1st period - Icing by Matt Roy.
16:36 of 1st period - Jonathan Toews wins face-off versus Brett Howden in CHICAGO Blackhawks zone.
16:36 of 1st period - Jonathan Toews is hit by Brett Howden.
16:58 of 1st period - Shot by Brett Howden.
16:58 of 1st period - Stopped by James Reimer without a rebound.
16:59 of 1st period - John Tavares wins face-off versus Tom Wilson in CHICAGO Blackhawks zone.
17:13 of 1st period - Icing by Trent Frederic.
17:14 of 1st period - Trent Frederic wins face-off versus Sam Bennett in CHICAGO Blackhawks zone.
17:34 of 1st period - Icing by Eric Robinson.
17:35 of 1st period - John Tavares wins face-off versus Trent Frederic in CHICAGO Blackhawks zone.
18:06 of 1st period - Kyle Connor is hit by Nicolas Hague and loses puck.
19:04 of 1st period - Shot by Andrew Mangiapane.
19:04 of 1st period - Shot Misses the Net.
19:47 of 1st period - Shot by Ryan Johansen.
19:47 of 1st period - Shot Blocked by Matias Maccelli.
19:49 of 1st period - Shot by Erik Johnson.
19:49 of 1st period - Stopped by Semyon Varlamov with a rebound.
19:59 of 1st period - Shot by Marcus Foligno.
19:59 of 1st period - Stopped by Semyon Varlamov without a rebound.
Goals for this period are 0 for SAN JOSE Sharks vs 1 for CHICAGO Blackhawks.
Shots for this period are 7 for SAN JOSE Sharks vs 9 for CHICAGO Blackhawks.

2nd period


0:01 of 2nd period - Jonathan Toews wins face-off versus John Tavares in neutral zone.
0:21 of 2nd period - Shot by Joe Pavelski.
0:21 of 2nd period - Stopped by James Reimer without a rebound.
0:22 of 2nd period - Marcus Foligno wins face-off versus Sam Bennett in CHICAGO Blackhawks zone.
0:29 of 2nd period - Evander Kane is hit by Erik Johnson and loses puck.
0:38 of 2nd period - Shot by Evander Kane.
0:38 of 2nd period - Stopped by James Reimer without a rebound.
0:39 of 2nd period - John Tavares wins face-off versus Patrick Kane in CHICAGO Blackhawks zone.
0:52 of 2nd period - Shot by Joe Pavelski.
0:52 of 2nd period - Shot Misses the Net.
0:54 of 2nd period - Shot by Kyle Connor.
0:54 of 2nd period - Shot Misses the Net.
2:04 of 2nd period - Shot by Ryan Johansen.
2:04 of 2nd period - Deflect By Conor Sheary.
2:04 of 2nd period - Shot Misses the Net.
2:24 of 2nd period - Shot by Tom Wilson.
2:24 of 2nd period - Goal by Tom Wilson - SAN JOSE Sharks : 0 - CHICAGO Blackhawks : 2.
2:25 of 2nd period - Tyler Motte wins face-off versus Brett Howden in neutral zone.
3:00 of 2nd period - Shot by Matt Nieto.
3:00 of 2nd period - Stopped by James Reimer without a rebound.
3:01 of 2nd period - Jonathan Toews wins face-off versus Nick Cousins in CHICAGO Blackhawks zone.
3:33 of 2nd period - Shot by Brayden McNabb.
3:33 of 2nd period - Shot Misses the Net.
4:23 of 2nd period - Shot by Conor Sheary.
4:23 of 2nd period - Shot Blocked by Joe Pavelski.
5:04 of 2nd period - Minor Penalty to Sam Bennett for Tripping.
5:05 of 2nd period - Jonathan Toews wins face-off versus Nick Cousins in SAN JOSE Sharks zone.
6:04 of 2nd period - Shot by Patrick Kane.
6:04 of 2nd period - Shot Misses the Net.
6:06 of 2nd period - Shot by Conor Sheary.
6:06 of 2nd period - Stopped by Semyon Varlamov without a rebound.
6:07 of 2nd period - Patrick Kane wins face-off versus Nick Cousins in SAN JOSE Sharks zone.
6:08 of 2nd period - Shot by Aaron Ekblad.
6:08 of 2nd period - Stopped by Semyon Varlamov without a rebound.
6:09 of 2nd period - Nick Cousins wins face-off versus Ryan Johansen in SAN JOSE Sharks zone.
6:17 of 2nd period - Icing by Matt Roy.
6:18 of 2nd period - Ryan Johansen wins face-off versus John Tavares in CHICAGO Blackhawks zone.
6:18 of 2nd period - Ryan Johansen is hit by John Tavares.
6:30 of 2nd period - Shot by Patrick Kane.
6:30 of 2nd period - Shot Misses the Net.
6:32 of 2nd period - Shot by Patrick Kane.
6:32 of 2nd period - Stopped by Semyon Varlamov without a rebound.
6:33 of 2nd period - Jonathan Toews wins face-off versus John Tavares in SAN JOSE Sharks zone.
6:43 of 2nd period - Icing by Erik Johnson.
6:44 of 2nd period - Jonathan Toews wins face-off versus John Tavares in CHICAGO Blackhawks zone.
7:01 of 2nd period - Shot by Erik Johnson.
7:01 of 2nd period - Shot Misses the Net.
7:08 of 2nd period - Eric Robinson is hit by Brayden McNabb and loses puck.
7:19 of 2nd period - Shot by Matt Roy.
7:19 of 2nd period - Stopped by Semyon Varlamov with a rebound.
8:19 of 2nd period - Off-side.
8:20 of 2nd period - Austin Watson wins face-off versus Ryan Johansen in neutral zone.
8:47 of 2nd period - John Klingberg is hit by Marcus Foligno.
9:29 of 2nd period - Shot by Kyle Connor.
9:29 of 2nd period - Stopped by James Reimer without a rebound.
9:30 of 2nd period - Brett Howden wins face-off versus Jonathan Toews in CHICAGO Blackhawks zone.
9:43 of 2nd period - Shot by Matt Nieto.
9:43 of 2nd period - Stopped by James Reimer without a rebound.
9:44 of 2nd period - John Tavares wins face-off versus Trent Frederic in CHICAGO Blackhawks zone.
10:19 of 2nd period - Shot by John Tavares.
10:19 of 2nd period - Shot Blocked by Jake Walman.
10:21 of 2nd period - Shot by Kyle Connor.
10:21 of 2nd period - Shot Misses the Net.
10:25 of 2nd period - Shot by Joe Pavelski.
10:25 of 2nd period - Stopped by James Reimer without a rebound.
10:26 of 2nd period - Sam Bennett wins face-off versus Jonathan Toews in CHICAGO Blackhawks zone.
10:36 of 2nd period - Off-side.
10:37 of 2nd period - Brett Howden wins face-off versus Tyler Motte in neutral zone.
10:58 of 2nd period - Icing by Aaron Ekblad.
10:59 of 2nd period - John Tavares wins face-off versus Taylor Raddysh in CHICAGO Blackhawks zone.
10:59 of 2nd period - Jack Johnson is hit by Aaron Ekblad and loses puck.
11:35 of 2nd period - Taylor Raddysh is hit by John Tavares and loses puck.
12:39 of 2nd period - Icing by Erik Johnson.
12:40 of 2nd period - Jonathan Toews wins face-off versus Brett Howden in CHICAGO Blackhawks zone.
12:40 of 2nd period - Jonathan Toews is hit by Cam Atkinson.
12:47 of 2nd period - Jonathan Toews is hit by Oliver Kylington and loses puck.
12:54 of 2nd period - Shot by Teuvo Teravainen.
12:54 of 2nd period - Shot Blocked by Troy Stecher.
13:04 of 2nd period - Shot by Patrick Kane.
13:04 of 2nd period - Stopped by Semyon Varlamov without a rebound.
13:05 of 2nd period - Ryan Johansen wins face-off versus John Tavares in SAN JOSE Sharks zone.
13:41 of 2nd period - Icing by Kyle Connor.
13:42 of 2nd period - Jonathan Toews wins face-off versus John Tavares in SAN JOSE Sharks zone.
13:44 of 2nd period - Teuvo Teravainen is hit by John Klingberg and loses puck.
14:21 of 2nd period - Shot by Andrew Mangiapane.
14:21 of 2nd period - Shot Blocked by Jonathan Toews.
14:23 of 2nd period - Shot by Andrew Mangiapane.
14:23 of 2nd period - Shot Blocked by Erik Johnson.
14:25 of 2nd period - Shot by Evander Kane.
14:25 of 2nd period - Shot Misses the Net.
14:27 of 2nd period - Shot by Evander Kane.
14:27 of 2nd period - Stopped by James Reimer without a rebound.
14:28 of 2nd period - Brett Howden wins face-off versus Ryan Johansen in CHICAGO Blackhawks zone.
14:28 of 2nd period - Brett Howden is hit by Nicolas Hague.
15:45 of 2nd period - Shot by Trent Frederic.
15:45 of 2nd period - Stopped by Semyon Varlamov without a rebound.
15:46 of 2nd period - John Tavares wins face-off versus Jonathan Toews in SAN JOSE Sharks zone.
16:08 of 2nd period - Shot by Joe Pavelski.
16:08 of 2nd period - Stopped by James Reimer without a rebound.
16:09 of 2nd period - Evander Kane wins face-off versus Tyler Motte in CHICAGO Blackhawks zone.
16:18 of 2nd period - Shot by Andrew Mangiapane.
16:18 of 2nd period - Stopped by James Reimer without a rebound.
16:19 of 2nd period - Jonathan Toews wins face-off versus John Tavares in CHICAGO Blackhawks zone.
16:19 of 2nd period - Jonathan Toews is hit by John Tavares.
16:25 of 2nd period - Shot by Matt Roy.
16:25 of 2nd period - Stopped by Semyon Varlamov without a rebound.
16:26 of 2nd period - John Tavares wins face-off versus Jonathan Toews in SAN JOSE Sharks zone.
16:26 of 2nd period - Joe Pavelski is hit by Jonathan Toews and loses puck.
16:59 of 2nd period - Shot by Jonathan Toews.
16:59 of 2nd period - Shot Misses the Net.
17:01 of 2nd period - Shot by Teuvo Teravainen.
17:01 of 2nd period - Stopped by Semyon Varlamov without a rebound.
17:02 of 2nd period - Sam Bennett wins face-off versus Ryan Johansen in SAN JOSE Sharks zone.
17:02 of 2nd period - Sam Bennett is hit by Conor Sheary.
18:20 of 2nd period - Icing by Brayden McNabb.
18:21 of 2nd period - Jonathan Toews wins face-off versus Brett Howden in SAN JOSE Sharks zone.
18:30 of 2nd period - Brett Howden is hit by Teuvo Teravainen.
18:44 of 2nd period - Shot by Cody Ceci.
18:44 of 2nd period - Shot Blocked by Matt Roy.
19:02 of 2nd period - Shot by John Tavares.
19:02 of 2nd period - Shot Misses the Net.
19:04 of 2nd period - Shot by Kyle Connor.
19:04 of 2nd period - Shot Misses the Net.
Goals for this period are 0 for SAN JOSE Sharks vs 1 for CHICAGO Blackhawks.
Shots for this period are 9 for SAN JOSE Sharks vs 9 for CHICAGO Blackhawks.

3rd period


0:01 of 3rd period - Jonathan Toews wins face-off versus Sam Bennett in neutral zone.
0:25 of 3rd period - Sam Bennett is hit by Aaron Ekblad and loses puck.
0:30 of 3rd period - Shot by Andrew Mangiapane.
0:30 of 3rd period - Shot Misses the Net.
1:05 of 3rd period - Joe Pavelski is hit by Erik Johnson and loses puck.
1:27 of 3rd period - Shot by Joe Pavelski.
1:27 of 3rd period - Stopped by James Reimer without a rebound.
1:28 of 3rd period - Brett Howden wins face-off versus Trent Frederic in CHICAGO Blackhawks zone.
1:31 of 3rd period - Shot by Brett Howden.
1:31 of 3rd period - Shot Misses the Net.
2:12 of 3rd period - Cam Atkinson is hit by Josh Manson and loses puck.
3:04 of 3rd period - Icing by Brayden McNabb.
3:05 of 3rd period - Sam Bennett wins face-off versus Jonathan Toews in SAN JOSE Sharks zone.
3:20 of 3rd period - Minor Penalty to Brayden McNabb for Interference.
3:21 of 3rd period - John Tavares wins face-off versus Ryan Johansen in SAN JOSE Sharks zone.
3:46 of 3rd period - Shot by Aaron Ekblad.
3:46 of 3rd period - Shot Blocked by John Klingberg.
3:48 of 3rd period - Shot by Ryan Johansen.
3:48 of 3rd period - Stopped by Semyon Varlamov without a rebound.
3:49 of 3rd period - Jonathan Toews wins face-off versus John Tavares in SAN JOSE Sharks zone.
4:09 of 3rd period - Erik Johnson is hit by John Tavares and loses puck.
4:50 of 3rd period - Off-side.
4:51 of 3rd period - Ryan Johansen wins face-off versus John Tavares in neutral zone.
5:29 of 3rd period - Minor Penalty to Austin Watson for High sticking.
5:30 of 3rd period - Sam Bennett wins face-off versus Jonathan Toews in SAN JOSE Sharks zone.
5:57 of 3rd period - Shot by Jonathan Toews.
5:57 of 3rd period - Shot Misses the Net.
6:46 of 3rd period - Shot by Patrick Kane.
6:46 of 3rd period - Stopped by Semyon Varlamov with a rebound.
7:30 of 3rd period - Shot by Jonathan Toews.
7:30 of 3rd period - Stopped by Semyon Varlamov without a rebound.
7:31 of 3rd period - Trent Frederic wins face-off versus Nick Cousins in SAN JOSE Sharks zone.
7:31 of 3rd period - Trent Frederic is hit by Oliver Kylington.
7:56 of 3rd period - Minor Penalty to Josh Manson for Tripping.
7:57 of 3rd period - Sam Bennett wins face-off versus Patrick Kane in CHICAGO Blackhawks zone.
8:14 of 3rd period - Shot by Andrew Mangiapane.
8:14 of 3rd period - Shot Misses the Net.
8:16 of 3rd period - Shot by Brayden McNabb.
8:16 of 3rd period - Shot Misses the Net.
8:18 of 3rd period - Shot by Andrew Mangiapane.
8:18 of 3rd period - Stopped by James Reimer without a rebound.
8:19 of 3rd period - John Tavares wins face-off versus Patrick Kane in CHICAGO Blackhawks zone.
9:01 of 3rd period - Shot by Kyle Connor.
9:01 of 3rd period - Goal by Kyle Connor - SAN JOSE Sharks : 1 - CHICAGO Blackhawks : 2.
9:02 of 3rd period - Tom Wilson wins face-off versus Sam Bennett in neutral zone.
9:21 of 3rd period - Shot by Andrew Mangiapane.
9:21 of 3rd period - Stopped by James Reimer without a rebound.
9:22 of 3rd period - Brett Howden wins face-off versus Tyler Motte in CHICAGO Blackhawks zone.
9:49 of 3rd period - Shot by Taylor Raddysh.
9:49 of 3rd period - Shot Blocked by Matt Nieto.
10:30 of 3rd period - Minor Penalty to Trent Frederic for Diving.
10:31 of 3rd period - Sam Bennett wins face-off versus Patrick Kane in CHICAGO Blackhawks zone.
10:34 of 3rd period - Shot by John Klingberg.
10:34 of 3rd period - Stopped by James Reimer without a rebound.
10:35 of 3rd period - Patrick Kane wins face-off versus John Tavares in CHICAGO Blackhawks zone.
10:52 of 3rd period - Icing by Kyle Connor.
10:53 of 3rd period - John Tavares wins face-off versus Patrick Kane in SAN JOSE Sharks zone.
11:32 of 3rd period - Shot by Teuvo Teravainen.
11:32 of 3rd period - Stopped by Semyon Varlamov without a rebound.
11:33 of 3rd period - Sam Bennett wins face-off versus Patrick Kane in SAN JOSE Sharks zone.
11:33 of 3rd period - Sam Bennett is hit by Conor Sheary.
12:00 of 3rd period - Shot by Cody Ceci.
12:00 of 3rd period - Shot Misses the Net.
12:13 of 3rd period - Icing by Sam Bennett.
12:14 of 3rd period - Sam Bennett wins face-off versus Patrick Kane in SAN JOSE Sharks zone.
12:43 of 3rd period - Austin Watson is hit by Trent Frederic and loses puck.
12:54 of 3rd period - Matias Maccelli is hit by Erik Johnson and loses puck.
13:37 of 3rd period - Shot by Matt Roy.
13:37 of 3rd period - Stopped by Semyon Varlamov without a rebound.
13:38 of 3rd period - Jonathan Toews wins face-off versus Brett Howden in SAN JOSE Sharks zone.
13:41 of 3rd period - Shot by Matt Roy.
13:41 of 3rd period - Shot Blocked by Cody Ceci.
13:48 of 3rd period - Matt Nieto is hit by Matt Roy and loses puck.
13:53 of 3rd period - Shot by Cam Atkinson.
13:53 of 3rd period - Shot Misses the Net.
13:55 of 3rd period - Shot by Cody Ceci.
13:55 of 3rd period - Shot Blocked by Aaron Ekblad.
14:08 of 3rd period - Brayden McNabb is hit by Aaron Ekblad and loses puck.
14:32 of 3rd period - Off-side.
14:33 of 3rd period - Ryan Johansen wins face-off versus John Tavares in neutral zone.
14:52 of 3rd period - Kyle Connor is hit by Nicolas Hague and loses puck.
14:57 of 3rd period - Shot by Joe Pavelski.
14:57 of 3rd period - Shot Blocked by Nicolas Hague.
15:08 of 3rd period - Minor Penalty to Josh Manson for Hooking.
15:09 of 3rd period - Sam Bennett wins face-off versus Patrick Kane in CHICAGO Blackhawks zone.
15:12 of 3rd period - Shot by John Klingberg.
15:12 of 3rd period - Stopped by James Reimer without a rebound.
15:13 of 3rd period - Patrick Kane wins face-off versus Sam Bennett in CHICAGO Blackhawks zone.
18:18 of 3rd period - Austin Watson is hit by Tyler Motte and loses puck.
18:31 of 3rd period - Icing by Erik Johnson.
18:32 of 3rd period - John Tavares wins face-off versus Eric Robinson in CHICAGO Blackhawks zone.
18:32 of 3rd period - John Tavares is hit by Jake Walman.
18:43 of 3rd period - Jake Walman is hit by John Tavares and loses puck.
18:50 of 3rd period - Icing by Erik Johnson.
18:51 of 3rd period - Trent Frederic wins face-off versus Sam Bennett in CHICAGO Blackhawks zone.
19:00 of 3rd period - SAN JOSE Sharks, Semyon Varlamov is pulled from the net.
19:20 of 3rd period - Eric Robinson is hit by Sam Bennett and loses puck.
19:31 of 3rd period - Shot by Evander Kane.
19:31 of 3rd period - Shot Misses the Net.
19:48 of 3rd period - John Tavares is hit by Erik Johnson and loses puck.
19:54 of 3rd period - Cody Ceci is hit by Jake Walman and loses puck.
Goals for this period are 1 for SAN JOSE Sharks vs 0 for CHICAGO Blackhawks.
Shots for this period are 6 for SAN JOSE Sharks vs 5 for CHICAGO Blackhawks. Output by the SimonT Hockey Simulator (STHS) for Martin Benoit - Original Page W3C HTML5 Valid
Hockey Simulator - Hockey Simulation - Hockey Manager